 Dungeon Crawl Stone Soup version 0.31-a0-222-gefeffbb62a (webtiles) character file.

Game seed: 14264086763042602776

98 olmar the Magician (level 5, -4/57 HPs)
             Began as a Djinni Hedge Wizard on July 5, 2023.
             Slain by an orc
             ... wielding a +0 hand axe
              (6 damage)
             ... on level 3 of the Dungeon.
             The game lasted 00:03:28 (1448 turns).

olmar the Magician (Djinni Hedge Wizard)            Turns: 1448, Time: 00:03:29

Health: -4/57      AC:  2    Str:  9    XL:     5   Next: 1%
Gold:   104        EV: 12    Int: 18    God:
                   SH:  0    Dex: 12

rFire   + + .        a - +0 dagger
rCold   x . .        (no shield)
rNeg    . . .        b - +0 robe
rPois   ∞            c - +0 hat
rElec   .            (no cloak)
rCorr   .            (no gloves)
SInv    .            (boots unavailable)
Will    .....        (no amulet) Stlth
                     e - ring of wizardry
HPRegen 0.29/turn    (no ring)
MPRegen 0.00/turn

%: wizardry (x1), infuse magic (-5 HP)
@: berserking, flying, very quick
A: sickness immunity, fire resistance 2, cold vulnerability 1, float, innate
caster, HP casting, extra vitality 1
a: no special abilities


You were on level 3 of the Dungeon.
You visited 1 branch of the dungeon, and saw 3 of its levels.

You collected 104 gold pieces.

Inventory:

Hand Weapons
 a - a +0 dagger (weapon)
 q - a +2 mace of holy wrath
Missiles
 l - 8 poisoned darts
Armour
 b - a +0 robe (worn)
 c - a +0 hat (worn)
Jewellery
 e - a ring of wizardry (left hand)
Scrolls
 i - a scroll of blinking {unknown}
 j - a scroll of immolation {unknown}
 o - a scroll of identify {unknown}
Potions
 g - a potion of mutation {unknown}
 h - a potion of resistance
 k - a potion of cancellation
 m - a potion of lignification {unknown}
 n - a potion of haste {unknown}
 p - a potion of degeneration {unknown}


   Skills:
 + Level 1.8 Fighting
 - Level 0.2 Short Blades
 - Level 2.3 Dodging
 - Level 1.7 Stealth
 + Level 3.8 Spellcasting
 + Level 3.8 Conjurations
 + Level 3.8 Hexes
 + Level 3.8 Summonings
 + Level 3.8 Necromancy
 + Level 3.8 Translocations
 + Level 3.8 Transmutations
 + Level 3.8 Fire Magic
 + Level 3.8 Ice Magic
 + Level 3.8 Air Magic
 + Level 3.8 Earth Magic
 + Level 3.8 Poison Magic


You knew the following spells:

 Your Spells              Type           Power      Damage    Failure   Level
a - Magic Dart            Conj           68%        1d6       1%          1
b - Slow                  Hex            68%        N/A       1%          1
c - Blink                 Tloc           34%        N/A       1%          2
d - Call Imp              Summ           34%        N/A       1%          2
e - Mephitic Cloud        Conj/Pois/Air  17%        N/A       4%          3
f - Sting                 Tmut/Pois      68%        1d6       1%          1
g - Passwall              Tmut/Erth      14%        N/A       1%          2
Your spell library was empty.

Dungeon Overview and Level Annotations

Branches:
Dungeon (3/15)

Altars:
Yredelemnul


Innate Abilities, Weirdness & Mutations

You are immune to sickness and miasma.
You are immune to poison.
Your flesh is very heat resistant. (rF++)
You are vulnerable to cold. (rC-)
You float through the air rather than walking.
You learn spells naturally, not from books.
Your magical power is your life essence.
You have superior vitality. (+4 MHP)


Message History

The orc priest is engulfed in noxious fumes.
The orc priest appears confused.
The orc wizard hits the orc priest with a +0 dagger.
Your cerulean imp hits the orc priest with a -3 spear.
There is a stone staircase leading up here.
Unknown command.
It was a potion of resistance.
You feel protected.
Your cerulean imp disappears in a puff of smoke!
The orc hits you with a +0 hand axe.
* * * LOW HITPOINT WARNING * * *
Unknown command.
It was a potion of cancellation.
Your magical effects are unravelling.
You feel magically purged.
Your resistance to elements expires.
The orc completely misses you.
Unknown command.
It was a potion of berserk rage.
A red film seems to cover your vision as you go berserk!
You feel yourself moving faster!
You feel mighty! The orc priest barely misses you.
The frilled lizard barely misses you.
Something hits the orc priest.
Unknown command.
You puncture the orc priest!
You kill the orc priest!
The orc hits you with a +0 hand axe.
* * * LOW HITPOINT WARNING * * *
You have reached level 5!
The power to cast Passwall wells up from within.
Spell assigned to 'g'.
You closely miss the orc.
The orc is severely wounded.
The frilled lizard bites you.
* * * LOW HITPOINT WARNING * * *
The orc wizard completely misses something.
A quokka comes into view.
Unknown command.
The orc hits you with a +0 hand axe.
You die...

### #... ..#.#.
.._.r####
..#.#..l.##
......o{<@####..
#.......o........
###..#†#.########
#.. #~#.# . #~#.#
#~#.# #~#.# #~###
#~


You could see an orc wizard (confused), an orc, a quokka and a frilled lizard.

Vanquished Creatures
  An orc priest (D:3)
  Robin (D:2)
  An adder (D:2)
  A dart slug (D:1)
  A ball python (D:1)
  2 giant cockroaches
  8 goblins
  4 hobgoblins (D:2)
  2 quokkas
  A bat (D:1)
  2 frilled lizards
  7 kobolds
  2 rats (D:2)
33 creatures vanquished.

Vanquished Creatures (collateral kills)
  An adder (D:3)
  An orc (D:3)
  2 goblins (D:2)
4 creatures vanquished.

Grand Total: 37 creatures vanquished

Notes
Turn   | Place    | Note
-------+----------+-------------------------------------------
     0 | D:1      | olmar the Djinni Hedge Wizard began the quest for the Orb.
     0 | D:1      | olmar set off with the following spells memorised: Magic
                  | Dart, Slow, Blink, Call Imp, Mephitic Cloud.
     0 | D:1      | Reached XP level 1. HP: 15/15 MP: 0/0
   256 | D:1      | Reached XP level 2. HP: 21/21 MP: 0/0
   683 | D:2      | Reached XP level 3. HP: 23/25 MP: 0/0
   683 | D:2      | Learned a level 1 spell: Sting
   683 | D:2      | Identified the +0 helmet "Voekk" {Contam Rampage +Inv rN+}
   683 | D:2      | Noticed Robin
   728 | D:2      | Killed Robin
  1093 | D:2      | Reached skill level 1 in Fighting
  1093 | D:2      | Reached XP level 4. HP: 29/32 MP: 0/0
  1423 | D:3      | Found a basalt altar of Yredelemnul.
  1443 | D:3      | HP: 1/32 [orc/+0 hand axe (4)]
  1447 | D:3      | Reached XP level 5. HP: 3/38 MP: 0/0
  1447 | D:3      | Learned a level 2 spell: Passwall
  1448 | D:3      | Slain by an orc

Illustrated notes

Levels and vault maps discovered:
D:1:      erik_arrival_blinker_ship, layout_basic, columned_hall_lemuel
D:2:      layout_loops_ring, minmay_door_square, uniq_robin
D:3:      layout_rooms, lemuel_crystal_altar, portal_sewer_entry_d,
          uniq_crazy_yiuf_cottage

Skill      XL: |  1  2  3 |
---------------+----------+-----
Spellcasting   | 3 |  3.8
Conjurations   | 3 |  3.8
Hexes          | 3 |  3.8
Summonings     | 3 |  3.8
Necromancy     | 3 |  3.8
Translocations | 3 |  3.8
Transmutations | 3 |  3.8
Fire Magic     | 3 |  3.8
Ice Magic      | 3 |  3.8
Air Magic      | 3 |  3.8
Earth Magic    | 3 |  3.8
Poison Magic   | 3 |  3.8
Fighting       | 1 |  1.8
Short Blades   | |  0.2
Dodging        | |  2.3
Stealth        | |  1.7

Action                     |  1- 3 |  4- 6 || total
---------------------------+-------+-------++-------
  Melee: Dagger            |     4 |     7 ||    11
   Cast: Magic Dart        |    50 |     1 ||    51
         Sting             |     3 |     4 ||     7
         Mephitic Cloud    |     1 |     3 ||     4
         Call Imp          |     1 |     1 ||     2
         Blink             |     1 |       ||     1
    Use: Potion            |       |     3 ||     3
         Scroll            |       |     1 ||     1
  Dodge: Dodged            |     6 |    11 ||    17

Table legend: (Time is in decaauts)
 A = Elapsed time spent in this place.
 B = Non-inter-level travel time spent in this place.
 C = Inter-level travel time spent in this place.
 D = Time resting spent in this place.
 E = Time spent auto-exploring this place.
 F = Levels seen in this place.
 G = Mean time per level.
                   A        B        C        D        E       F      G
               +--------+--------+--------+--------+--------+-----+--------+
         Total |   1446 |   1409 |     37 |    180 |   1025 |   3 |  482.0 |
       Dungeon |   1446 |   1409 |     37 |    180 |   1025 |   3 |  482.0 |
               +--------+--------+--------+--------+--------+-----+--------+

Top non-repeatable levels by time:
     D:2: 924 daAuts
     D:1: 497 daAuts
     D:3: 24 daAuts
